 Dungeon Crawl Stone Soup version 0.25-a0-290-g4a1327ee3a (webtiles) character file.

Game seed: 1648116801783913043, levelgen mode: classic

143 Borgoz the Chopper (level 5, 0/46 HPs)
             Began as a Minotaur Gladiator on Dec 14, 2019.
             Slain by an orc
             ... wielding a +0 flail
              (3 damage)
             ... on level 3 of the Dungeon.
             The game lasted 00:03:47 (2036 turns).

Borgoz the Chopper (Minotaur Gladiator)             Turns: 2036, Time: 00:03:47

Health: 0/46       AC:  3    Str: 19    XL:     5   Next: 4%
Magic:  4/4        EV: 13    Int:  5    God:
Gold:   94         SH:  0    Dex: 12    Spells: 4/4 levels left

rFire    . . .     SeeInvis .   g - +0 broad axe
rCold    . . .     Gourm    .   (no shield)
rNeg     . . .     Faith    +   j - +0 leather armour {rPois}
rPois    +         Spirit   .   c - +0 hat
rElec    .         Reflect  .   (no cloak)
rCorr    .         Harm     .   (no gloves)
MR       .....                  (no boots)
Stlth    +.........             e - amulet of faith
HPRegen  0.15/turn              (no ring)
MPRegen  0.09/turn              (no ring)

@: no status effects
A: retaliatory headbutt, horns 2
a: no special abilities


You were on level 3 of the Dungeon.
You were near starving.

You visited 1 branch of the dungeon, and saw 3 of its levels.

You collected 94 gold pieces.

Inventory:

Hand Weapons
 g - a +0 broad axe (weapon)
Missiles
 d - 3 throwing nets (quivered)
Armour
 c - a +0 hat (worn)
 j - a +0 leather armour of poison resistance (worn)
Jewellery
 e - an amulet of faith (around neck)
Scrolls
 a - a scroll of remove curse {unknown}
 b - 4 scrolls of identify {unknown}
 h - a scroll of enchant armour {unknown}
 l - a scroll of fog {unknown}
Potions
 i - 2 potions of invisibility {unknown}
 k - 3 potions of lignification {unknown}
 m - a potion of might {unknown}
 n - a potion of ambrosia {unknown}
 o - a potion of curing {unknown}
Comestibles
 f - 3 rations


   Skills:
 + Level 3.8 Fighting
 + Level 4.6 Axes
 - Level 2.0 Throwing
 + Level 2.8 Armour
 + Level 4.1 Dodging


You had 4 spell levels left.
You didn't know any spells.
Your spell library contained the following spells:

 Spells                   Type           Power        Failure   Level  Hunger
 Confusing Touch          Hex            #.....       54%         1    ##.....
 Confuse                  Hex            #.......     88%         3    ####...
 Gell's Gravitas          Tloc           #.........   88%         3    ####...
 Petrify                  Tmut/Erth      #.......     99%         4    #####..
 Metabolic Englaciation   Hex/Ice        #.........   100%        5    ######.
 Yara's Violent Unravell  Hex/Tmut       #.........   100%        5    ######.


Dungeon Overview and Level Annotations

Branches:
Dungeon (3/15)

Altars:
Uskayaw
Wu Jian
The Shining One


Innate Abilities, Weirdness & Mutations

You reflexively headbutt those who attack you in melee.
You have a pair of horns on your head.


Message History

The hobgoblin misses you.
You slash the hobgoblin!
You kill the hobgoblin!
The orc hits you with a +0 flail.
You hit the orc. You headbutt the orc.
The orc is heavily wounded.
The orc hits you with a +0 flail.
* * * LOW HITPOINT WARNING * * *
You closely miss the orc.
The orc is heavily wounded.
The orc hits you with a +0 flail.
* * * LOW HITPOINT WARNING * * *
You closely miss the orc.
The orc is heavily wounded.
The orc hits you with a +0 flail.
* * * LOW HITPOINT WARNING * * *
Unknown command.
There is a stone staircase leading up, spattered with blood here.
The orc hits you with a +0 flail.
You die...

###### ## ###....## ...##
#...##..######
#..†###.#####.)@oog##### .
#.o..o.o.#######.....####.##
#####.##..##########.......$
#.###.o.g.######.....##. #.#
#####o..##o..##### #.#
###.g.o.......( ..#
#....######## .## ....#### r
#.####


You could see a gnoll and 2 orcs.

Vanquished Creatures
  An orc priest (D:3)
  Jessica (D:2)
  An adder (D:2)
  An ooze (D:1)
  A worm (D:2)
  3 dart slugs (D:1)
  2 leopard geckos (D:1)
  3 orcs (D:3)
  5 bats
  4 giant cockroaches
  8 goblins
  6 hobgoblins
  A quokka (D:2)
  13 frilled lizards
  7 kobolds
  8 rats
65 creatures vanquished.

Notes
Turn   | Place    | Note
-------+----------+-------------------------------------------
     0 | D:1      | Borgoz the Minotaur Gladiator began the quest for the Orb.
     0 | D:1      | Reached XP level 1. HP: 18/18 MP: 0/0
    87 | D:1      | Reached XP level 2. HP: 18/25 MP: 1/1
    87 | D:1      | Reached skill level 1 in Armour
   551 | D:1      | Reached XP level 3. HP: 31/31 MP: 2/2
   872 | D:2      | Noticed Jessica
   878 | D:2      | Killed Jessica
   878 | D:2      | Reached XP level 4. HP: 28/38 MP: 3/3
   988 | D:2      | Found an ornate altar of the Wu Jian Council.
  1478 | D:2      | Found a hide-covered altar of Uskayaw.
  1705 | D:2      | Found a glowing golden altar of the Shining One.
  2027 | D:3      | Reached XP level 5. HP: 41/46 MP: 4/4
  2034 | D:3      | HP: 2/46 [orc/+0 flail (3)]
  2036 | D:3      | Slain by an orc

Levels and vault maps discovered:
D:1:      sevenhm_arrival_forest_fort_small_4, layout_loops_cross
D:2:      cheibrodos_old_hovel, layout_basic, nicolae_overflow_crystal_walls,
          eat_drink_and_be_merry_uskayaw, tso_altar, first_ration,
          minmay_lizard_pond, uniq_jessica
D:3:      layout_rooms

Skill      XL: |  1  2  3  4 |
---------------+-------------+-----
Armour         | 1 2 |  2.8
Axes           | 4 |  4.6
Fighting       | 3 |  3.8
Dodging        | 4 |  4.1
Throwing       | |  2.0

Action                   |  1- 3 |  4- 6 || total
-------------------------+-------+-------++-------
Melee: War axe           |    61 |     3 ||    64
       Headbutt          |     7 |     7 ||    14
       Broad axe         |       |    38 ||    38
  Eat: Chunk             |       |     2 ||     2
Armor: Leather armour    |    18 |     6 ||    24
Dodge: Dodged            |    47 |    27 ||    74

Table legend:
 A = Non-vault XP
 B = Vault XP
 C = Vault XP percentage of total XP
 D = Non-vault monster count
 E = Vault monster count
 F = Vault count percentage of total count
                 A         B        C        D         E       F
            +---------+---------+-------+---------+---------+-------
      Total |     159 |      46 |  22.4 |      55 |      10 |  15.4
            +---------+---------+-------+---------+---------+-------
        D:1 |      61 |       0 |   0.0 |      31 |       0 |   0.0
        D:2 |      43 |      46 |  51.7 |      17 |      10 |  37.0
        D:3 |      55 |       0 |   0.0 |       7 |       0 |   0.0
            +---------+---------+-------+---------+---------+-------
